AoeStats
← ÐòóM

Arena

506936998Analyzed
4v4 RM · 18d ago on Sep 15, 2026· 109m 53s· 8 players
Game mode
Random Map
Map size
Large (8 player)
Population
200
Speed
Normal
Resources
Standard
Victory
Conquest
Starting age
Dark Age
Ending age
Imperial Age
RankedLock teamsTeams togetherTeam positionsShared explorationLock speedFull tech treeHidden civsTurbo modeCheats
Victory
Defeat
565
+15
🇦🇷 Slavs · Argentina
554
+16
🇪🇸 Huns · Spain
545
+15
🇷🇴 Berbers · Romania
543
+16
🇨🇴 Poles · Colombia
740
-24
🇨🇴 Inca · Colombia
513
-14
🇳🇴 Franks · Norway
483
-13
🇨🇱 Britons · Chile
437
-11
Milli
11:55 Feudal Age
10:11 Loom
12:27 Double-Bit Axe
16:33 Castle Age
14:37 Stone Mining
17:50 Wheelbarrow
17:31 Bow Saw
18:39 Gold Mining
20:08 Gold Shaft Mining
20:04 Horse Collar
24:45 Man-at-Arms
26:02 Hand Cart
26:47 Long Swordsman
33:58 Squires
33:18 Pikeman
36:07 Scale Barding Armor
38:47 Imperial Age
38:23 Fortified Wall
38:24 Masonry
45:21 Two-Man Saw
46:55 Chain Barding Armor
54:58 Coinage
54:58 Pikeman
56:21 Banking
57:26 Scale Mail Armor
57:37 Forging
56:50 Halberdier
58:24 Chain Mail Armor
60:43 Iron Casting
64:24 Plate Mail Armor
66:18 Blast Furnace
74:00 Chain Barding Armor
74:55 Light Cavalry
76:52 Bloodlines
76:32 Hussar
77:14 Husbandry
81:05 Plate Barding Armor
ÐòóM
0:37 Loom
13:45 Feudal Age
17:31 Wheelbarrow
23:06 Castle Age
25:15 Hand Cart
30:45 Town Watch
31:25 Scale Barding Armor
31:21 Double-Bit Axe
31:19 Horse Collar
32:01 Husbandry
32:32 Chain Barding Armor
32:58 Masonry
33:07 Fervor
33:14 Fletching
33:25 Padded Archer Armor
33:57 Gold Mining
34:54 Bloodlines
36:05 Ballistics
38:29 Imperial Age
36:35 Bow Saw
36:19 Stone Mining
37:10 Gold Shaft Mining
39:05 Town Patrol
38:32 Cavalier
39:49 Parthian Tactics
40:13 Plate Barding Armor
39:47 Caravan
40:43 Heavy Cavalry Archer
42:59 Chemistry
42:42 Thumb Ring
44:27 Two-Man Saw
43:32 Heavy Plow
45:39 Murder Holes
45:11 Paladin
46:06 Bodkin Arrow
46:26 Leather Archer Armor
82:51 Bracer
90:54 Marauders
90:19 Elite Tarkan
102:52 Elite Genitour
108:13 Spies/Treason
TOP G Bogza
1:02 Loom
10:13 Feudal Age
10:56 Double-Bit Axe
12:01 Horse Collar
12:47 Town Watch
20:47 Stone Mining
20:50 Gold Mining
24:32 Wheelbarrow
26:26 Scale Barding Armor
26:22 Padded Archer Armor
26:13 Fletching
26:33 Forging
28:40 Castle Age
30:28 Hand Cart
30:14 Town Patrol
29:41 Elite Skirmisher
31:08 Leather Archer Armor
31:02 Light Cavalry
31:52 Fletching
33:52 Bloodlines
33:47 Husbandry
34:03 Forging
35:38 Chain Barding Armor
35:32 Bow Saw
35:24 Heavy Plow
40:22 Iron Casting
39:42 Bodkin Arrow
43:57 Imperial Age
42:48 Pikeman
44:59 Elite Camel Archer
45:10 Elite Genitour
45:59 Scale Mail Armor
46:56 Plate Barding Armor
47:32 Blast Furnace
48:18 Ring Archer Armor
48:01 Bracer
48:18 Onager
49:36 Crop Rotation
55:17 Hussar
99:34 Caravan
toworsfire︻芫=-------
0:52 Loom
17:00 Feudal Age
17:37 Horse Collar
18:36 Wheelbarrow
17:47 Town Watch
17:56 Double-Bit Axe
20:19 Gold Mining
20:20 Stone Mining
29:01 Castle Age
27:20 Arson
28:10 Bloodlines
29:55 Heavy Plow
30:18 Bow Saw
30:52 Scale Barding Armor
32:23 Stone Shaft Mining
33:12 Gold Shaft Mining
34:54 Caravan
36:31 Hand Cart
37:14 Treadmill Crane
42:10 Imperial Age
41:14 Ballistics
41:43 Town Patrol
42:11 Chain Barding Armor
43:07 Scale Mail Armor
43:08 Padded Archer Armor
42:59 Fletching
43:20 Forging
43:25 Kshatriyas
43:43 Conscription
45:07 Crop Rotation
45:26 Chain Mail Armor
45:27 Leather Archer Armor
45:29 Sappers
47:35 Frontier Guards
48:03 Plate Mail Armor
48:53 Hoardings
47:43 Elite Skirmisher
50:58 Elite Chakram Thrower
52:33 Iron Casting
51:54 Bodkin Arrow
52:35 Plate Barding Armor
52:43 Husbandry
52:03 Light Cavalry
53:39 Coinage
53:27 Masonry
53:12 Murder Holes
53:28 Fortified Wall
55:07 Banking
56:45 Bracer
57:18 Architecture
58:39 Elite Genitour
61:01 Chemistry
63:47 Heavy Scorpion
63:48 Siege Elephant
70:07 Thumb Ring
72:17 Crossbowman
80:01 Crossbowman
87:14 Elite Elephant Archer
100:24 Heated Shot
100:27 Guard Tower
101:35 Man-at-Arms
107:24 Keep
107:00 Clinker Construction
107:01 Careening
108:21 Spies/Treason
Heratoris5783
11:13 Loom
13:29 Feudal Age
14:01 Horse Collar
14:07 Double-Bit Axe
19:26 Gold Mining
19:17 Champi Runner
24:23 Castle Age
25:11 Heavy Plow
25:22 Bow Saw
25:37 Champi Warrior
26:31 Crossbowman
28:36 Gold Shaft Mining
27:54 Stone Mining
28:40 Thumb Ring
32:29 Stone Shaft Mining
33:38 Scale Mail Armor
33:30 Fletching
33:41 Padded Archer Armor
34:19 Pikeman
37:35 Imperial Age
37:31 Bodkin Arrow
37:52 Leather Archer Armor
37:54 Chain Mail Armor
38:50 Wheelbarrow
38:03 Treadmill Crane
38:23 Arbalester
44:11 Caravan
45:21 Bracer
45:53 Ring Archer Armor
55:07 Elite Skirmisher
55:20 Elite Skirmisher
67:34 Chemistry
68:27 Plate Mail Armor
74:17 Elite Kamayuk
84:20 Onager
Soshipeak
5:10 Loom
12:13 Feudal Age
17:31 Castle Age
15:37 Double-Bit Axe
18:22 Light Cavalry
19:13 Bloodlines
19:03 Husbandry
19:27 Forging
19:22 Scale Barding Armor
20:33 Pikeman
34:37 Imperial Age
33:19 Chain Barding Armor
33:34 Iron Casting
33:40 Horse Collar
34:38 Iron Casting
34:42 Wheelbarrow
37:39 Chemistry
36:21 Treadmill Crane
41:51 Conscription
41:59 Winged Hussar
42:46 Scale Mail Armor
44:01 Blast Furnace
46:33 Szlachta Privileges
49:18 Lechitic Legacy
51:43 Caravan
56:41 Heavy Plow
56:54 Bow Saw
65:14 Elite Obuch
66:50 Thumb Ring
79:08 Hand Cart
82:59 Crop Rotation
88:22 Hoardings
Varg_1960
2:42 Loom
10:54 Feudal Age
13:10 Wheelbarrow
16:11 Town Watch
16:57 Gold Mining
18:23 Scale Barding Armor
18:30 Forging
18:23 Padded Archer Armor
26:30 Castle Age
27:02 Scale Mail Armor
27:15 Husbandry
27:36 Squires
27:58 Double-Bit Axe
31:14 Pikeman
34:19 Leather Archer Armor
37:54 #83
41:39 Hand Cart
47:49 Imperial Age
48:33 Chain Barding Armor
47:53 Cavalier
49:15 Conscription
48:28 Elite Throwing Axeman
51:11 Town Patrol
55:18 Paladin
61:24 Chivalry
82:16 Bow Saw
85:41 Gold Shaft Mining
85:05 Halberdier
94:27 Chain Mail Armor
94:49 Iron Casting
Cap-Royers
2:03 Loom
10:28 Feudal Age
13:37 Double-Bit Axe
16:48 Horse Collar
19:11 Wheelbarrow
20:01 Gold Mining
21:38 Man-at-Arms
30:07 Castle Age
29:32 Stone Mining
31:43 Long Swordsman
33:16 Crossbowman
37:05 Pikeman
39:48 Fletching
39:59 Padded Archer Armor
39:59 Scale Mail Armor
40:05 Scale Barding Armor
40:11 Forging
46:35 Imperial Age
44:27 Bow Saw
46:05 Gold Shaft Mining
47:51 Hand Cart
47:59 Heavy Plow
52:10 Chain Barding Armor
52:06 Leather Archer Armor
51:47 Bodkin Arrow
52:27 Iron Casting
52:08 Chain Mail Armor
54:06 Elite Longbowman
55:40 Ring Archer Armor
57:32 Two-Man Saw
56:53 Caravan
59:01 Chemistry
58:00 Halberdier
62:27 Capped Ram
63:54 Cavalier
70:20 Light Cavalry
79:19 Plate Barding Armor
78:45 Bracer
80:46 Fortified Wall
80:17 Treadmill Crane
83:51 Elite Skirmisher
Connection lost

Rejoining the realm…

Still unreachable

The connection could not be restored.

Session expired

The server has moved on; the page needs a fresh start.